 Dungeon Crawl Stone Soup version 0.25.1-2-g60ff931df9 (webtiles) character file.

Game seed: 16878747796764028752

65 lepoulpe303 the Poker (level 4, 0/36 HPs)
             Began as a Merfolk Fighter on Aug 5, 2020.
             Slain by an orc wizard
             ... wielding a +0 dagger
              (1 damage)
             ... on level 2 of the Dungeon.
             The game lasted 00:04:37 (1820 turns).

lepoulpe303 the Poker (Merfolk Fighter)             Turns: 1820, Time: 00:04:37

Health: 0/36       AC:  8    Str: 17    XL:     4   Next: 14%
Magic:  4/4        EV:  8    Int:  7    God:
Gold:   91         SH:  9    Dex: 13    Spells: 3/3 levels left

rFire    . . .     SeeInvis .   a - +0 trident
rCold    . . .     Gourm    .   c - +0 kite shield
rNeg     . . .     Faith    .   b - +0 scale mail
rPois    .         Spirit   .   (no helmet)
rElec    .         Reflect  .   (no cloak)
rCorr    +         Harm     .   (no gloves)
MR       .....                  (no boots)
Stlth    ..........             (no amulet)
HPRegen  0.12/turn              C - ring of resist corrosion
MPRegen  0.09/turn              W - ring of wizardry {Wiz+}

@: mighty
A: change form in water, swift swim, stealthy swim, icy blue scales 1, blurry
vision 1
a: no special abilities


You were on level 2 of the Dungeon.
You were not hungry.

You visited 1 branch of the dungeon, and saw 2 of its levels.

You collected 91 gold pieces.

Inventory:

Hand Weapons
 a - a +0 trident (weapon)
Armour
 b - a +0 scale mail (worn)
 c - a +0 kite shield (worn)
Jewellery
 C - a ring of resist corrosion (left hand)
 W - a ring of wizardry (right hand) {Wiz+}
Scrolls
 g - a scroll of teleportation {unknown}
 i - a scroll of noise {unknown}
 j - 2 scrolls of immolation {!r}
 o - a scroll of fog {unknown}
 p - a scroll of enchant weapon {unknown}
 q - a scroll of enchant armour {unknown}
 w - a scroll of remove curse
Potions
 d - a potion of might
 h - a potion of flight {unknown}
 n - a potion of degeneration {unknown}
Comestibles
 e - 5 rations
 m - a chunk of flesh


   Skills:
 + Level 3.6 Fighting
 * Level 4.2 Polearms
 + Level 2.4 Armour
 * Level 2.3 Dodging
 + Level 3.3 Shields


You had 3 spell levels left.
You didn't know any spells.
Your spell library was empty.

Dungeon Overview and Level Annotations

Branches:
Dungeon (2/15)

Altars:


Innate Abilities, Weirdness & Mutations

You revert to your normal form in water.
You are very nimble and swift while swimming.
You are very stealthy in the water. (Stealth+)
You are partially covered in icy blue scales. (AC +2)
Scrolls take you a little longer to read.


Message History

You bump into the rock wall.
The orc wizard points at you and mumbles some strange words.
You resist with some effort.
You miss the orc wizard.
You feel less confused.
The orc wizard casts a spell.
The orc wizard flickers and vanishes!
Deactivating autopickup; reactivate with Ctrl-A.
Something hits you but does no damage.
You miss something. Something hits you.
* * * LOW HITPOINT WARNING * * *
You take 2 damage, and have 6/36 hp.
You miss something. Something hits you.
* * * LOW HITPOINT WARNING * * *
You take 5 damage, and have 1/36 hp.
It was a potion of mutation.
You feel extremely strange.
Your vision blurs.
Icy blue scales grow over part of your body.
Something hits you.
You die...

..# #....# #.....#.# #.#
#####.#.####.#####.####.#
......#.#....รท.....#.##.#
#####.#.#.##.#######.##.#
#.#.#.<#.........##.#
#####.#.############.##.#
......#...o{.o..)# #.##.#
################{# #.##)#
#@###.##.## #.#.......#
########### #.#.#.#####
..........# #.#......#
#########.# #.#.####.# #.#
#.#.####.## #.#
#.#.......# #.#
#.#.####### #.######.#.#


There were no monsters in sight!

Levels and vault maps discovered:
D:1:      sevenhm_arrival_forest_fort_small_5, layout_loops_ring
D:2:      layout_basic, lemuel_crystal_altar, first_ration

Notes
Turn   | Place    | Note
-------+----------+-------------------------------------------
     0 | D:1      | lepoulpe303 the Merfolk Fighter began the quest for the
                  | Orb.
     0 | D:1      | Reached XP level 1. HP: 18/18 MP: 1/1
   192 | D:1      | Reached skill level 1 in Dodging
   192 | D:1      | Reached XP level 2. HP: 23/24 MP: 2/2
   204 | D:1      | Identified a +0 club
   427 | D:1      | Identified 2 scrolls of immolation
   834 | D:1      | Reached XP level 3. HP: 27/29 MP: 3/3
   994 | D:2      | Identified a +0 club
  1001 | D:2      | Reached skill level 2 in Dodging
  1063 | D:2      | Identified a +0 club
  1068 | D:2      | Identified a +0 short sword
  1068 | D:2      | Identified a +0 leather armour
  1081 | D:2      | Identified a +0 club
  1273 | D:2      | Reached skill level 4 in Polearms
  1343 | D:2      | Identified 2 scrolls of remove curse
  1344 | D:2      | Identified a ring of resist corrosion (You found it on
                  | level 1 of the Dungeon)
  1345 | D:2      | Identified a ring of wizardry (You found it on level 1 of
                  | the Dungeon)
  1390 | D:2      | Identified a +0 club
  1418 | D:2      | Reached XP level 4. HP: 34/36 MP: 4/4
  1487 | D:2      | Identified a +0 dagger
  1487 | D:2      | Identified a +0 robe
  1487 | D:2      | Identified a +0 war axe
  1487 | D:2      | Identified a +0 ring mail
  1487 | D:2      | Identified a +0 dagger
  1487 | D:2      | Identified a +0 robe
  1606 | D:2      | Identified a +0 dagger
  1770 | D:2      | Identified a +0 war axe
  1810 | D:2      | HP: 9/36 [something (3)]
  1818 | D:2      | HP: 6/36 [something (2)]
  1819 | D:2      | HP: 1/36 [something (5)]
  1820 | D:2      | Identified a potion of mutation
  1820 | D:2      | Gained mutation: Scrolls take you a little longer to read.
                  | [potion of mutation]
  1820 | D:2      | Gained mutation: You are partially covered in icy blue
                  | scales. (AC +2) [potion of mutation]
  1820 | D:2      | Slain by an orc wizard

Table legend:
 A = Turns spent in this place as a percentage of turns spent in the entire game.
 B = Non-inter-level travel turns spent in this place as a percentage of non-inter-level travel turns spent in the entire game.
 C = Inter-level travel turns spent in this place as a percentage of turns spent in this place.
 D = Turns resting spent in this place as a percentage of non-inter-level travel turns spent in this place.
 E = Turns spent auto-exploring this place as a percentage of non-inter-level travel turns spent in this place.
 F = Non-inter-level travel turns spent in this place divided by the number of levels of this place that you've seen.
                   A       B       C       D       E      F
               +-------+-------+-------+-------+-------+----------------------
         Total | 100.0 | 100.0 |   4.3 |   7.5 |  73.8 | 870.5
       Dungeon | 100.0 | 100.0 |   4.3 |   7.5 |  73.8 | 870.5
               +-------+-------+-------+-------+-------+----------------------

Table legend:
 A = Kills in this place as a percentage of kills in entire the game.
 B = Kills by you in this place as a percentage of kills by you in the entire game.
 C = Kills by friends in this place as a percentage of kills by friends in the entire game.
 D = Other kills in this place as a percentage of other kills in the entire game.
 E = Experience gained in this place as a percentage of experience gained in the entire game.
 F = Experience gained in this place divided by the number of levels of this place that you have seen.
                   A       B       C       D       E      F
               +-------+-------+-------+-------+-------+----------------------
         Total | 100.0 | 100.0 |   N/A |   N/A | 100.0 |  47.0
       Dungeon | 100.0 | 100.0 |   N/A |   N/A | 100.0 |  47.0
               +-------+-------+-------+-------+-------+----------------------

Skill      XL: |  1  2  3 |
---------------+----------+-----
Dodging        | 1 2 |  2.3
Polearms       | 4 |  4.2
Fighting       | |  3.6
Armour         | |  2.4
Shields        | |  3.3

Action                   |  1- 3 |  4- 6 || total
-------------------------+-------+-------++-------
Melee: Trident           |   137 |    42 ||   179
  Use: Scroll            |     2 |       ||     2
       Potion            |       |     2 ||     2
  Eat: Chunk             |     2 |     1 ||     3
Armor: Scale mail        |    37 |    19 ||    56
Dodge: Dodged            |    33 |     4 ||    37
Block: Kite shield       |    41 |     3 ||    44

Vanquished Creatures
  2 adders
  A worm (D:1)
  A dart slug (D:1)
  2 leopard geckos
  2 orcs (D:2)
  A ball python (D:2)
  4 goblins
  6 hobgoblins
  3 jackals (D:1)
  A quokka (D:2)
  A bat (D:2)
  4 frilled lizards
  7 kobolds
  4 rats
39 creatures vanquished.
